[Event "ICC tourney 2397 (75 10)"]
[Site "Internet Chess Club"]
[Date "2021.02.20"]
[Round "1"]
[White "karuto2006"]
[Black "danh07"]
[Result "0-1"]
[ICCResult "White resigns"]
[WhiteElo "1774"]
[BlackElo "1876"]
[Opening "Sicilian: Pelikan, Chelyabinsk variation"]
[ECO "B33"]
[NIC "SI.37"]
[Time "11:04:27"]
[PlyCount "66"]
[TimeControl "4500+10"]

1. e4 c5 2. Nf3 Nc6 3. d4 cxd4 4. Nxd4 Nf6 5. Nc3 e5 6. Ndb5 d6 7. Bg5 a6
8. Na3 b5 9. Nd5 Be7 10. Bxf6 Bxf6 11. Bd3 O-O 12. O-O Rb8 13. c3 Bg5 14.
Nc2 Be6 15. Ncb4 Nxb4 16. Nxb4 Qc8 17. Qe2 a5 18. Nd5 Bxd5 19. exd5 b4 20.
h4 Bh6 21. c4 f5 22. f3 Qc5+ 23. Kh2 b3 24. axb3 Qd4 25. g4 Rxb3 26. Bc2
Re3 27. Qg2 fxg4 28. fxg4 Bf4+ 29. Kh1 Rg3 30. Rad1 Rxg2 31. Bxh7+ Kxh7 32.
Rxd4 Rh2+ 33. Kg1 exd4 { White resigns } 0-1

[Event "ICC tourney 2397 (75 10)"]
[Site "Internet Chess Club"]
[Date "2021.02.20"]
[Round "1"]
[White "PearsonH"]
[Black "FL2009"]
[Result "1/2-1/2"]
[ICCResult "Game drawn by repetition"]
[WhiteElo "1726"]
[BlackElo "1820"]
[Opening "Queen's pawn: London system"]
[ECO "A45"]
[NIC "QP.07"]
[Time "11:05:06"]
[PlyCount "56"]
[TimeControl "4500+10"]

1. d4 Nf6 2. Bf4 e6 3. e3 d5 4. Nd2 Bd6 5. Bg3 O-O 6. Bd3 c5 7. c3 b6 8.
Ngf3 Nc6 9. Qe2 cxd4 10. exd4 Bb7 11. Bxd6 Qxd6 12. Ne5 Ne7 13. O-O Ng6 14.
f4 Nd7 15. Rae1 Ndxe5 16. fxe5 Qe7 17. Rf3 Qg5 18. Ref1 Rae8 19. Rg3 Qh6
20. Qf2 f5 21. Nf3 Nf4 22. Bb5 Re7 23. Nd2 Ng6 24. Rh3 Qg5 25. Rg3 Qh6 26.
Nf3 Nf4 27. Nd2 Ng6 28. Nf3 Nf4 { Game drawn by repetition } 1/2-1/2

[Event "ICC tourney 2397 (75 10)"]
[Site "Internet Chess Club"]
[Date "2021.02.20"]
[Round "1"]
[White "poohfur"]
[Black "joeandjoe56"]
[Result "0-1"]
[ICCResult "White resigns"]
[WhiteElo "1706"]
[BlackElo "1816"]
[Opening "Giuoco Piano"]
[ECO "C54"]
[NIC "IG.02"]
[Time "11:04:16"]
[PlyCount "64"]
[TimeControl "4500+10"]

1. e4 e5 2. Nf3 Nc6 3. Bc4 Bc5 4. c3 Nf6 5. d4 exd4 6. e5 d5 7. Bb5 Ne4 8.
cxd4 Bb6 9. O-O O-O 10. Nc3 Bg4 11. Be3 f5 12. Ba4 f4 13. Nxd5 fxe3 14.
fxe3 Kh8 15. Bb3 Na5 16. h3 Nxb3 17. hxg4 Nxa1 18. Nf4 Ng5 19. Qd3 Nxf3+
20. Rxf3 g5 21. Rh3 Rf7 22. e6 Rg7 23. Nh5 Qe7 24. Qf5 Rf8 25. Qe5 c6 26.
Nxg7 Qxg7 27. Rf3 Re8 28. Qd6 Qe7 29. Qe5+ Qg7 30. Qd6 Bc7 31. Qb4 Qe7 32.
Qc4 Qxe6 { White resigns } 0-1

[Event "ICC tourney 2397 (75 10)"]
[Site "Internet Chess Club"]
[Date "2021.02.20"]
[Round "1"]
[White "bonnelleo1"]
[Black "arconsul2"]
[Result "1/2-1/2"]
[ICCResult "Game drawn by mutual agreement"]
[WhiteElo "1823"]
[BlackElo "1726"]
[Opening "Queen's pawn, Mason variation, Steinitz counter-gambit"]
[ECO "D00"]
[NIC "QP.08"]
[Time "11:04:24"]
[PlyCount "67"]
[TimeControl "4500+10"]

1. d4 d5 2. Bf4 c5 3. e3 Bf5 4. c3 Qb6 5. Qb3 c4 6. Qxb6 axb6 7. Nd2 e6 8.
Ngf3 Nc6 9. Be2 h6 10. O-O Nf6 11. h3 b5 12. Ne5 Nxe5 13. Bxe5 Nd7 14. Nf3
Nxe5 15. dxe5 Bc5 16. a3 Ke7 17. Nd4 Bxd4 18. exd4 Rhf8 19. g4 Bg6 20. f4
f5 21. exf6+ Rxf6 22. Kg2 Raf8 23. Kg3 Be4 24. h4 Bh7 25. Rae1 Be4 26. g5
Rf5 27. Bg4 R5f7 28. Bh5 g6 29. Be2 h5 30. Bd1 Kd6 31. Rf2 Bd3 32. Be2 Be4
33. Bd1 Bd3 34. Be2 { Game drawn by mutual agreement } 1/2-1/2

[Event "ICC tourney 2397 (75 10)"]
[Site "Internet Chess Club"]
[Date "2021.02.20"]
[Round "1"]
[White "imranchamp"]
[Black "MysteryHunter"]
[Result "1-0"]
[ICCResult "Black resigns"]
[WhiteElo "1852"]
[BlackElo "1732"]
[Opening "Sicilian: Grand Prix attack, Schofman variation"]
[ECO "B23"]
[NIC "SI.44"]
[Time "11:04:22"]
[PlyCount "103"]
[TimeControl "4500+10"]

1. e4 c5 2. Nc3 Nc6 3. f4 e6 4. Nf3 g6 5. Bc4 Bg7 6. f5 Nge7 7. fxe6 dxe6
8. d3 a6 9. O-O O-O 10. Qe1 Nd4 11. Nxd4 Bxd4+ 12. Kh1 Bg7 13. Qh4 b5 14.
Bb3 Nc6 15. Bg5 Qc7 16. Bf4 Qd8 17. Bg5 Qc7 18. Bf6 Bxf6 19. Qxf6 Qe7 20.
Nd5 exd5 21. Bxd5 Qxf6 22. Rxf6 Be6 23. Bxc6 Rac8 24. Bd5 Rfe8 25. Raf1 Rc7
26. Kg1 Kg7 27. Bxe6 Rxe6 28. Rxe6 fxe6 29. Kf2 e5 30. Ke3 Rd7 31. Rf2 Rd8
32. c3 Rd7 33. g3 Rd8 34. g4 Rd7 35. g5 Rd6 36. h4 Rc6 37. d4 cxd4+ 38.
cxd4 exd4+ 39. Kxd4 Rc4+ 40. Kd5 Rc1 41. e5 Rd1+ 42. Kc5 Re1 43. Kd6 Rd1+
44. Ke7 Re1 45. e6 Re4 46. Kd6 Rxh4 47. e7 Rd4+ 48. Ke5 Rd1 49. Rf8 Re1+
50. Kd6 Rd1+ 51. Kc5 Rc1+ 52. Kb6 { Black resigns } 1-0

[Event "ICC tourney 2397 (75 10)"]
[Site "Internet Chess Club"]
[Date "2021.02.20"]
[Round "1"]
[White "apachekid"]
[Black "adwaysane"]
[Result "1-0"]
[ICCResult "Black checkmated"]
[WhiteElo "1816"]
[BlackElo "1716"]
[Opening "Queen's pawn game"]
[ECO "D00"]
[NIC "QP.08"]
[Time "11:04:13"]
[PlyCount "109"]
[TimeControl "4500+10"]

1. d4 d5 2. e3 Nf6 3. Nd2 e6 4. Bd3 Bd6 5. f4 b6 6. c3 c5 7. Nh3 Bb7 8. O-O
Qc7 9. Nf3 Nc6 10. Ne5 h6 11. Nf2 O-O-O 12. Qa4 c4 13. Be2 Bxe5 14. fxe5
Nh7 15. b3 cxb3 16. Ba3 bxa2 17. Rxa2 Na5 18. Bd6 Rxd6 19. exd6 Qxd6 20. c4
dxc4 21. Bxc4 Qc6 22. Qxc6+ Bxc6 23. Ba6+ Kd7 24. e4 Nf6 25. e5 Nd5 26. Ne4
Nb4 27. Rxf7+ Kd8 28. Rxa5 bxa5 29. Bb7 Bxe4 30. Bxe4 a6 31. Rxg7 a4 32.
Rb7 Nc6 33. Bxc6 a3 34. Ra7 a2 35. Rxa6 Kc7 36. Be4 Rd8 37. Rxa2 Rxd4 38.
Rc2+ Kd7 39. Re2 Ke7 40. Kf2 Kf7 41. Ke3 Rb4 42. Rd2 Rb3+ 43. Kf4 Rb4 44.
h4 Ke7 45. g4 Rb8 46. g5 hxg5+ 47. hxg5 Rf8+ 48. Kg4 Rh8 49. Rb2 Rd8 50.
Rb7+ Kf8 51. g6 Rd1 52. Kg5 Rf1 53. Kh6 Rf4 54. g7+ Kg8 55. Bh7# { Black
checkmated } 1-0

[Event "ICC tourney 2397 (75 10)"]
[Site "Internet Chess Club"]
[Date "2021.02.20"]
[Round "1"]
[White "ybabji"]
[Black "outpost"]
[Result "1-0"]
[ICCResult "Black resigns"]
[WhiteElo "1921"]
[BlackElo "1795"]
[Opening "Sicilian: Alapin's variation (2.c3)"]
[ECO "B22"]
[NIC "SI.47"]
[Time "11:04:53"]
[PlyCount "63"]
[TimeControl "4500+10"]

1. e4 c5 2. c3 Nf6 3. e5 Nd5 4. d4 cxd4 5. cxd4 e6 6. Nc3 Nxc3 7. bxc3 d6
8. Nf3 Nd7 9. Bf4 dxe5 10. Bxe5 Nf6 11. Rb1 Be7 12. Bd3 O-O 13. O-O g6 14.
Qd2 Nd7 15. Rfe1 Nxe5 16. Nxe5 Bf6 17. Qf4 Bg5 18. Qf3 Qf6 19. Qe2 b6 20.
h4 Bxh4 21. g3 Bg5 22. Be4 Rb8 23. f4 Bxf4 24. gxf4 Qxf4 25. Qg2 f5 26. Bc6
Qh6 27. d5 Rd8 28. Rbd1 Bb7 29. d6 Ba6 30. Rd4 Qf8 31. Nxg6 hxg6 32. Rxe6 {
Black resigns } 1-0

[Event "ICC tourney 2397 (75 10)"]
[Site "Internet Chess Club"]
[Date "2021.02.20"]
[Round "1"]
[White "kwen2008"]
[Black "vishalanil"]
[Result "1/2-1/2"]
[ICCResult "Game drawn by repetition"]
[WhiteElo "1728"]
[BlackElo "1838"]
[Opening "QGD: exchange, positional line, 6.Qc2"]
[ECO "D36"]
[NIC "QO.16"]
[Time "11:04:16"]
[PlyCount "111"]
[TimeControl "4500+10"]

1. d4 d5 2. c4 e6 3. Nc3 Nf6 4. cxd5 exd5 5. Bg5 c6 6. Qc2 Bd6 7. e3 h6 8.
Bh4 O-O 9. Bd3 Re8 10. Nf3 a5 11. O-O Bg4 12. Be2 Nbd7 13. Rab1 Nf8 14. a3
Ng6 15. Bg3 Bxf3 16. Bxf3 Bxg3 17. hxg3 h5 18. b4 h4 19. gxh4 Nxh4 20. Be2
Ne4 21. Nxe4 dxe4 22. g3 Qg5 23. Qc5 f5 24. Qc4+ Kh8 25. Kh2 Nf3+ 26. Bxf3
Qh6+ 27. Kg2 exf3+ 28. Kxf3 Qe6 29. Qxe6 Rxe6 30. b5 Rae8 31. Rb3 g5 32.
Rfb1 Kg7 33. bxc6 bxc6 34. Rb7+ Kf6 35. Ra7 g4+ 36. Kg2 Kg5 37. Rbb7 Rh8
38. Rh7 Rb8 39. Rab7 Ra8 40. Ra7 Rb8 41. Rxa5 Kg6 42. Raa7 Rb2 43. Rhb7 Ra2
44. Rb3 Rd6 45. Ra6 Kg5 46. a4 Rc2 47. Ra3 Rc1 48. Rb6 Rh6 49. Ra2 Rhh1 50.
f4+ Kh5 51. Rbb2 Rcf1 52. a5 Rhg1+ 53. Kh2 Rh1+ 54. Kg2 Rhg1+ 55. Kh2 Rh1+
56. Kg2 { Game drawn by repetition } 1/2-1/2

[Event "ICC tourney 2397 (75 10)"]
[Site "Internet Chess Club"]
[Date "2021.02.20"]
[Round "1"]
[White "saanvichess"]
[Black "evilking"]
[Result "1-0"]
[ICCResult "Black checkmated"]
[WhiteElo "1875"]
[BlackElo "1768"]
[Opening "Scotch gambit: Dubois-Réti defense"]
[ECO "C55"]
[NIC "KP.02"]
[Time "11:04:18"]
[PlyCount "81"]
[TimeControl "4500+10"]

1. e4 e5 2. Nf3 Nc6 3. d4 exd4 4. Bc4 Nf6 5. e5 d5 6. Bb5 Ne4 7. Nxd4 Bc5
8. Be3 Bd7 9. Bxc6 bxc6 10. Nd2 Nxd2 11. Qxd2 Qe7 12. Nb3 Bb6 13. Qc3 O-O
14. O-O Bxe3 15. Qxe3 Rfe8 16. f4 f6 17. Rae1 Bf5 18. Qc3 fxe5 19. fxe5 Be4
20. Nc5 Qxe5 21. Rf8+ Kxf8 22. Nd7+ Kg8 23. Nxe5 c5 24. Nd7 c4 25. Nc5 Bg6
26. Rf1 Re2 27. Qd4 Rd8 28. Qh4 Rde8 29. Qf4 c6 30. Qd6 Rc8 31. Ne6 Bf7 32.
Ng5 Bg6 33. Ne6 Bf7 34. Nxg7 Kxg7 35. Qf6+ Kg8 36. Qxf7+ Kh8 37. Qf6+ Kg8
38. Qg5+ Kh8 39. Rf7 Re1+ 40. Kf2 Rce8 41. Qg7# { Black checkmated } 1-0

[Event "ICC tourney 2397 (75 10)"]
[Site "Internet Chess Club"]
[Date "2021.02.20"]
[Round "1"]
[White "rockinroll"]
[Black "Percy101"]
[Result "1-0"]
[ICCResult "Black resigns"]
[WhiteElo "1784"]
[BlackElo "1898"]
[Opening "Queen's pawn"]
[ECO "A40"]
[NIC "QO.17"]
[Time "11:04:15"]
[PlyCount "121"]
[TimeControl "4500+10"]

1. d4 e6 2. Bf4 c5 3. c3 Nf6 4. Nf3 Nc6 5. e3 Qb6 6. Qb3 Be7 7. Nbd2 d5 8.
Be2 O-O 9. O-O Qd8 10. h3 a6 11. a4 Na5 12. Qc2 b6 13. Ne5 Bd7 14. Rab1 b5
15. axb5 axb5 16. dxc5 Nc6 17. Nxd7 Qxd7 18. b4 e5 19. Bh2 Rfb8 20. Nb3 Bd8
21. Rfd1 Bc7 22. e4 Ne7 23. Bf3 Qc6 24. exd5 Nexd5 25. c4 bxc4 26. Qxc4 e4
27. Bxe4 Bxh2+ 28. Kxh2 Nxe4 29. Qxe4 Qc7+ 30. Kg1 Nc3 31. Qc4 Nxd1 32.
Rxd1 Rd8 33. Rc1 Ra4 34. Qb5 Ra3 35. Na5 Rad3 36. Re1 Rd1 37. Qe2 Qd7 38.
c6 Rxe1+ 39. Qxe1 Qc7 40. Nb7 Rb8 41. b5 g6 42. Qe3 Ra8 43. Qd4 h6 44. Qd6
Qb6 45. Qc5 Ra1+ 46. Kh2 Qc7+ 47. Qd6 Qxd6+ 48. Nxd6 Rc1 49. Nb7 Kf8 50.
Kg3 Ke7 51. f3 f6 52. h4 h5 53. Kf4 Ke6 54. b6 Rc4+ 55. Kg3 Rxc6 56. Nd8+
Kd7 57. Nxc6 Kxc6 58. Kf4 Kxb6 59. g4 hxg4 60. fxg4 Kc6 61. h5 { Black
resigns } 1-0

[Event "ICC tourney 2397 (75 10)"]
[Site "Internet Chess Club"]
[Date "2021.02.20"]
[Round "1"]
[White "soggydollar"]
[Black "elytito2017"]
[Result "1/2-1/2"]
[ICCResult "Game drawn by repetition"]
[WhiteElo "1790"]
[BlackElo "1917"]
[Opening "Sicilian"]
[ECO "B56"]
[NIC "SI.25"]
[Time "11:05:06"]
[PlyCount "73"]
[TimeControl "4500+10"]

1. e4 c5 2. Nf3 Nc6 3. d4 cxd4 4. Nxd4 Nf6 5. Nc3 d6 6. Be3 Ng4 7. Bg5 h6
8. Bh4 g5 9. Bg3 Bg7 10. Nxc6 bxc6 11. Be2 Ne5 12. Qd2 Be6 13. O-O Ng6 14.
Rfe1 h5 15. h3 g4 16. hxg4 hxg4 17. Qd1 Ne5 18. Bxe5 Bxe5 19. Bxg4 Bh2+ 20.
Kf1 Qa5 21. Bxe6 fxe6 22. g3 Qg5 23. e5 d5 24. Kg2 Qh6 25. Qg4 Kd7 26. Na4
Rag8 27. Nc5+ Ke8 28. Qxe6 Rg6 29. Qd7+ Kf7 30. Re3 Bxg3 31. Rxg3 Qh2+ 32.
Kf3 Qh5+ 33. Kg2 Qh2+ 34. Kf3 Qh5+ 35. Kg2 Qh2+ 36. Kf3 Qh5+ 37. Kg2 { Game
drawn by repetition } 1/2-1/2

[Event "ICC tourney 2397 (75 10)"]
[Site "Internet Chess Club"]
[Date "2021.02.20"]
[Round "1"]
[White "vober6"]
[Black "chessisthebest1"]
[Result "1-0"]
[ICCResult "Black resigns"]
[WhiteElo "1912"]
[BlackElo "1787"]
[Opening "Sicilian: Najdorf, Byrne (English) attack"]
[ECO "B90"]
[NIC "SI.14"]
[Time "11:04:18"]
[PlyCount "69"]
[TimeControl "4500+10"]

1. e4 c5 2. Nf3 d6 3. d4 cxd4 4. Nxd4 Nf6 5. Nc3 a6 6. Be3 e5 7. Nb3 Be6 8.
f3 h5 9. Qd2 Nbd7 10. O-O-O Be7 11. Be2 b5 12. Rdg1 g6 13. h4 Rc8 14. Kb1
Nb6 15. Bd3 Nc4 16. Bxc4 Rxc4 17. Bg5 Qc7 18. Rd1 Nd7 19. Rhf1 f6 20. Be3
f5 21. Bg5 f4 22. Bxe7 Kxe7 23. g3 Rf8 24. Ne2 fxg3 25. Nxg3 Rf6 26. Rf2
Nf8 27. f4 exf4 28. Rxf4 Rxc2 29. Qe3 Bxb3 30. axb3 Nh7 31. Rxf6 Nxf6 32.
Qh6 Kf7 33. Rf1 Rc5 34. e5 Rxe5 35. Qh7+ { Black resigns } 1-0

[Event "ICC tourney 2397 (75 10)"]
[Site "Internet Chess Club"]
[Date "2021.02.20"]
[Round "1"]
[White "xyzchessdude"]
[Black "jairam09"]
[Result "1/2-1/2"]
[ICCResult "Game drawn by mutual agreement"]
[WhiteElo "1987"]
[BlackElo "1806"]
[Opening "Réti: advance variation"]
[ECO "A09"]
[NIC "RE.15"]
[Time "11:04:15"]
[PlyCount "61"]
[TimeControl "4500+10"]

1. Nf3 d5 2. c4 d4 3. g3 Bg4 4. Bg2 Nc6 5. d3 e5 6. a3 a5 7. Qa4 Bd7 8. Qc2
Nf6 9. O-O Bc5 10. Bg5 h6 11. Bxf6 Qxf6 12. Nbd2 Qd8 13. Ne4 Be7 14. c5 a4
15. Rac1 Be6 16. Ned2 O-O 17. Nc4 Bf6 18. Nfd2 g6 19. f4 exf4 20. Ne4 Bg7
21. gxf4 Re8 22. Ng3 Qd7 23. f5 Bxf5 24. Nxf5 gxf5 25. Bh3 Qe7 26. Rxf5
Qxe2 27. Qxe2 Rxe2 28. Bg4 Re7 29. Rcf1 Ne5 30. Nxe5 Bxe5 31. Bf3 { Game
drawn by mutual agreement } 1/2-1/2

[Event "ICC tourney 2397 (75 10)"]
[Site "Internet Chess Club"]
[Date "2021.02.20"]
[Round "1"]
[White "atevifred"]
[Black "liguowh"]
[Result "0-1"]
[ICCResult "White forfeits on time"]
[WhiteElo "1803"]
[BlackElo "1972"]
[Opening "English: Neo-Catalan declined"]
[ECO "A14"]
[NIC "RE.09"]
[Time "11:04:14"]
[PlyCount "80"]
[TimeControl "4500+10"]

1. Nf3 d5 2. c4 e6 3. g3 Nf6 4. Bg2 Be7 5. O-O O-O 6. b3 c6 7. Bb2 Nbd7 8.
d3 Qc7 9. Nbd2 b6 10. Qc2 Bb7 11. Rfe1 c5 12. cxd5 Nxd5 13. e4 Nb4 14. Qc3
Bf6 15. e5 Be7 16. a3 Nd5 17. Qc2 Rac8 18. Rac1 b5 19. Qb1 Qb6 20. Qa1 Rc7
21. Ne4 a5 22. Nfd2 Ra8 23. Nd6 a4 24. Nxb7 Qxb7 25. b4 cxb4 26. Rxc7 Qxc7
27. Bxd5 exd5 28. e6 fxe6 29. Rxe6 Nc5 30. Re3 bxa3 31. Be5 Bd6 32. Bxd6
Qxd6 33. Qxa3 Nb7 34. Qc1 a3 35. Qe1 Qf8 36. Re7 a2 37. Qe6+ Kh8 38. Nb3
Nc5 39. Nxc5 a1=Q+ 40. Kg2 Qaf6 { White forfeits on time } 0-1

[Event "ICC tourney 2397 (75 10)"]
[Site "Internet Chess Club"]
[Date "2021.02.20"]
[Round "1"]
[White "Nikhilp"]
[Black "JunlinTheWorld"]
[Result "1/2-1/2"]
[ICCResult "Game drawn by mutual agreement"]
[WhiteElo "1751"]
[BlackElo "1860"]
[Opening "Sicilian"]
[ECO "B50"]
[NIC "SI.01"]
[Time "11:05:00"]
[PlyCount "162"]
[TimeControl "4500+10"]

1. e4 c5 2. Nf3 d6 3. d3 g6 4. g3 Bg7 5. Bg2 Nc6 6. O-O Nf6 7. Nbd2 O-O 8.
c3 e5 9. a3 a5 10. c4 a4 11. Nb1 Nd4 12. Nxd4 cxd4 13. f4 b5 14. b3 bxc4
15. bxc4 Nd7 16. Bd2 Nc5 17. Bb4 Bd7 18. f5 g5 19. Nd2 f6 20. Nf3 Rb8 21.
Ne1 Be8 22. g4 Kf7 23. Bf3 Rh8 24. Kf2 Bf8 25. Nc2 Be7 26. Qe2 Bc6 27. Rh1
Kg7 28. h4 h6 29. h5 Qd7 30. Rhb1 Rb7 31. Rb2 Rhb8 32. Rab1 Bd8 33. Qd2 Bb6
34. Ke2 Kf7 35. Bg2 Ba5 36. Bf3 Nb3 37. Qe1 Bb6 38. Bg2 Bc5 39. Bf3 Rb6 40.
Bg2 R8b7 41. Bf3 Qc8 42. Bg2 Qb8 43. Bf3 Bxb4 44. Nxb4 Rxb4 45. axb4 Rxb4
46. Qd1 Qb6 47. Qc2 Ke7 48. Kf1 Qa5 49. Bd1 Rb6 50. Ke2 Rb7 51. Rxb3 axb3
52. Rxb3 Kd7 53. Rxb7+ Bxb7 54. Qb3 Kc7 55. c5 dxc5 56. Qf7+ Kb8 57. Qxf6
Qa2+ 58. Kf1 Qh2 59. Qf8+ Ka7 60. Qxc5+ Ka6 61. Qa3+ Kb6 62. Ke1 Qg3+ 63.
Kd2 Qe3+ 64. Kc2 Qf2+ 65. Kb1 Qf1 66. Qb3+ Ka7 67. Kb2 Ba6 68. Bc2 Qf4 69.
Qf7+ Bb7 70. f6 Qxg4 71. Qa2+ Ba6 72. f7 Qc8 73. Qa3 Qb7+ 74. Kc1 Qxf7 75.
Qc5+ Ka8 76. Qc6+ Bb7 77. Qxh6 Qf4+ 78. Kb2 Ka7 79. Qg7 Qd2 80. h6 Qc3+ 81.
Kb1 Qb4+ { Game drawn by mutual agreement } 1/2-1/2

[Event "ICC tourney 2397 (75 10)"]
[Site "Internet Chess Club"]
[Date "2021.02.20"]
[Round "1"]
[White "OctopusYule"]
[Black "kasraei"]
[Result "1-0"]
[ICCResult "Black resigns"]
[WhiteElo "1799"]
[BlackElo "1950"]
[Opening "Sicilian: Najdorf, Opocensky variation"]
[ECO "B92"]
[NIC "SI.11"]
[Time "11:16:31"]
[PlyCount "97"]
[TimeControl "4500+10"]

1. e4 c5 2. Nf3 d6 3. d4 cxd4 4. Nxd4 Nf6 5. Nc3 a6 6. Be2 e5 7. Nb3 Be7 8.
O-O O-O 9. Be3 b5 10. Nd5 Nbd7 11. a4 bxa4 12. Rxa4 Nc5 13. Nxf6+ gxf6 14.
Nxc5 dxc5 15. Qxd8 Rxd8 16. Rfa1 Bb7 17. f3 Rab8 18. b3 Rdc8 19. Bxa6 Bxa6
20. Rxa6 c4 21. bxc4 Kg7 22. R6a4 Rb2 23. R1a2 Rxa2 24. Rxa2 Rxc4 25. Kf2
Kg6 26. g4 h5 27. h3 Bc5 28. Bxc5 Rxc5 29. Ke2 Kg5 30. Kd3 Rc6 31. c4 Kf4
32. gxh5 Kxf3 33. Ra5 Rd6+ 34. Rd5 Re6 35. Rd7 f5 36. Rxf7 Rd6+ 37. Kc3
Kxe4 38. Kb4 f4 39. c5 Rh6 40. Kb5 f3 41. c6 Kd5 42. Rxf3 Rh7 43. Rd3+ Ke4
44. Rd7 Rh8 45. c7 Kf5 46. Rd8 Rxh5 47. c8=Q+ Kf4 48. Qg4+ Ke3 49. Qxh5 {
Black resigns } 1-0

[Event "ICC tourney 2397 (75 10)"]
[Site "Internet Chess Club"]
[Date "2021.02.20"]
[Round "1"]
[White "TheChessShark"]
[Black "siddhu"]
[Result "0-1"]
[ICCResult "White resigns"]
[WhiteElo "1809"]
[BlackElo "1988"]
[Opening "Queen's pawn: stonewall attack"]
[ECO "D00"]
[NIC "QP.08"]
[Time "11:04:19"]
[PlyCount "136"]
[TimeControl "4500+10"]

1. d4 d5 2. e3 Nf6 3. Bd3 g6 4. Nd2 Bg7 5. f4 O-O 6. Ngf3 b6 7. Ne5 Bb7 8.
Qf3 c5 9. c3 Nbd7 10. h4 Qc8 11. h5 Nxe5 12. fxe5 Ng4 13. e4 dxe4 14. Bxe4
Bxe4 15. Nxe4 Qf5 16. hxg6 fxg6 17. Ng5 h5 18. Rf1 Qd7 19. Qe4 Rxf1+ 20.
Kxf1 Rf8+ 21. Ke1 Qf5 22. Qxf5 Rxf5 23. Nf3 Kf7 24. Bg5 e6 25. Bd8 Ke8 26.
Bc7 Ne3 27. Kf2 Bh6 28. Re1 Nd5 29. Bd6 cxd4 30. cxd4 g5 31. Kg1 g4 32. Nh4
Be3+ 33. Rxe3 Nxe3 34. Nxf5 Nxf5 35. Bb8 a6 36. Ba7 Nxd4 37. Bxb6 Nc6 38.
Bc7 Kf7 39. Kf2 Kg6 40. Kg3 Kg5 41. a4 h4+ 42. Kf2 Kf5 43. a5 Nxe5 44. Bd8
Nd3+ 45. Ke2 h3 46. gxh3 gxh3 47. Kf3 Nxb2 48. Kg3 e5 49. Kxh3 Kf4 50. Kg2
Ke3 51. Kf1 Kd3 52. Ke1 Nc4 53. Kd1 e4 54. Ke1 Ne5 55. Kf1 Nc6 56. Bc7 Nd4
57. Bb6 Nc2 58. Bf2 Kd2 59. Bh4 e3 60. Bg5 Kd1 61. Bxe3 Nxe3+ 62. Kf2 Kd2
63. Kf3 Kd3 64. Kf4 Nc4 65. Kf3 Nxa5 66. Kf2 Nb3 67. Ke1 a5 68. Kd1 a4 {
White resigns } 0-1

[Event "ICC tourney 2397 (75 10)"]
[Site "Internet Chess Club"]
[Date "2021.02.20"]
[Round "1"]
[White "icommai"]
[Black "DanielA1926"]
[Result "1/2-1/2"]
[ICCResult "Game drawn by repetition"]
[WhiteElo "1880"]
[BlackElo "1782"]
[Opening "Modern defense: Averbakh system"]
[ECO "A40"]
[NIC "KF.04"]
[Time "11:04:13"]
[PlyCount "131"]
[TimeControl "4500+10"]

1. d4 g6 2. e4 Bg7 3. c4 d6 4. Nc3 Bd7 5. Nge2 e5 6. d5 a5 7. Ng3 Na6 8.
Be2 Nc5 9. O-O Qe7 10. Be3 f5 11. exf5 gxf5 12. Bxc5 dxc5 13. Nb5 O-O-O 14.
Qb3 Nh6 15. Rfd1 Bxb5 16. Qxb5 b6 17. Nh5 Rd6 18. Nxg7 Qxg7 19. Rd3 f4 20.
Bf3 Nf5 21. a3 Rg8 22. Kh1 Nd4 23. Rxd4 exd4 24. b4 d3 25. Rb1 Qd4 26. bxc5
Qxc5 27. Qxc5 bxc5 28. Be4 Rb6 29. Rxb6 cxb6 30. Bxd3 h6 31. h4 Kc7 32. Bf5
Kd6 33. Kh2 Ke5 34. Be6 Rg6 35. Bd7 Kd4 36. Bb5 Kc3 37. Kh3 Kd2 38. g4 Ke2
39. h5 Rg5 40. d6 Rg8 41. Bc6 Kxf2 42. g5 Rxg5 43. Be8 Kg1 44. d7 f3 45.
d8=Q f2 46. Qd1+ f1=Q+ 47. Qxf1+ Kxf1 48. Kh4 Kf2 49. a4 Ke3 50. Bd7 Kf4
51. Bc8 Rg1 52. Bb7 Rc1 53. Bd5 Ke5 54. Kg4 Rg1+ 55. Kf3 Kd4 56. Kf4 Rf1+
57. Kg4 Rf8 58. Be6 Kc3 59. Bd7 Kb4 60. Bb5 Rf1 61. Kg3 Rh1 62. Kg4 Rg1+
63. Kh4 Rh1+ 64. Kg4 Rg1+ 65. Kh4 Rh1+ 66. Kg4 { Game drawn by repetition }
1/2-1/2

[Event "ICC tourney 2397 (75 10)"]
[Site "Internet Chess Club"]
[Date "2021.02.20"]
[Round "1"]
[White "Grinch81"]
[Black "corviknight"]
[Result "1-0"]
[ICCResult "Black resigns"]
[WhiteElo "1961"]
[BlackElo "1802"]
[Opening "QGD Slav: Carlsbad variation"]
[ECO "D17"]
[NIC "SL.04"]
[Time "11:04:18"]
[PlyCount "141"]
[TimeControl "4500+10"]

1. d4 d5 2. c4 c6 3. Nc3 Nf6 4. Nf3 dxc4 5. a4 Bf5 6. Ne5 Nbd7 7. Nxc4 Qc7
8. g3 e5 9. dxe5 Nxe5 10. Bf4 Nfd7 11. Qd4 f6 12. Rd1 g5 13. Bxe5 fxe5 14.
Qd2 Be7 15. Bg2 O-O-O 16. O-O Kb8 17. Qc1 h5 18. Ne4 Bxe4 19. Bxe4 h4 20.
Qc3 Rh6 21. b4 Rdh8 22. a5 hxg3 23. hxg3 Nf6 24. Bg2 Nd5 25. Qxe5 Qxe5 26.
Nxe5 Nc3 27. Rd2 Re6 28. f4 Bxb4 29. Bf3 gxf4 30. gxf4 Rg8+ 31. Bg2 Nd5 32.
Rd3 Rh6 33. e3 Bxa5 34. Rf3 Rh7 35. Nc4 Bc7 36. Kf1 Rhg7 37. Bh3 b5 38. Ne5
Kb7 39. Be6 Rg1+ 40. Ke2 Nb4 41. Rd7 R8g2+ 42. Rf2 a5 43. f5 Kb6 44. Nf3
Rxf2+ 45. Kxf2 Rh1 46. f6 Rh8 47. f7 c5 48. Nh4 Rf8 49. Ng6 Ra8 50. f8=Q
Rxf8+ 51. Nxf8 a4 52. Ke2 Nc6 53. Bd5 Ne5 54. Re7 c4 55. Nd7+ Nxd7 56. Rxd7
Kc5 57. Bxc4 Kxc4 58. Rxc7+ Kb3 59. e4 a3 60. e5 a2 61. Ra7 Kb2 62. e6 a1=Q
63. Rxa1 Kxa1 64. e7 b4 65. e8=Q Kb2 66. Kd2 Ka3 67. Kc2 b3+ 68. Kb1 b2 69.
Qe2 Ka4 70. Qxb2 Ka5 71. Qb3 { Black resigns } 1-0

[Event "ICC tourney 2397 (75 10)"]
[Site "Internet Chess Club"]
[Date "2021.02.20"]
[Round "2"]
[White "Goldenmaknae"]
[Black "PearsonH"]
[Result "1/2-1/2"]
[ICCResult "Game drawn by mutual agreement"]
[WhiteElo "1809"]
[BlackElo "1726"]
[Opening "Queen's gambit declined"]
[ECO "D30"]
[NIC "QO.17"]
[Time "14:31:52"]
[PlyCount "73"]
[TimeControl "4500+10"]

1. d4 e6 2. c4 d5 3. e3 Nf6 4. Nc3 Be7 5. Nf3 O-O 6. Bd2 Nbd7 7. cxd5 exd5
8. Bd3 c6 9. O-O Re8 10. a3 Bd6 11. b4 a6 12. Re1 Ne4 13. Ne2 Ndf6 14. h3
Bf5 15. Qc2 Nxd2 16. Nxd2 Bxd3 17. Qxd3 Ne4 18. Nxe4 Rxe4 19. Nc3 Re6 20.
Rad1 Qe7 21. Re2 Re8 22. Rde1 Qg5 23. e4 dxe4 24. Nxe4 Qe7 25. d5 cxd5 26.
Qxd5 Bb8 27. Qc4 Qh4 28. g3 Qd8 29. Nc3 Rxe2 30. Rxe2 Rxe2 31. Nxe2 g6 32.
Qe4 Qd7 33. Kg2 Kg7 34. Nc3 Qd2 35. Nd5 Ba7 36. Qf3 Bxf2 37. Qf6+ { Game
drawn by mutual agreement } 1/2-1/2

[Event "ICC tourney 2397 (75 10)"]
[Site "Internet Chess Club"]
[Date "2021.02.20"]
[Round "2"]
[White "joeandjoe56"]
[Black "Grinch81"]
[Result "1/2-1/2"]
[ICCResult "Game drawn by mutual agreement"]
[WhiteElo "1816"]
[BlackElo "1961"]
[Opening "Sicilian: Pelikan, Chelyabinsk variation"]
[ECO "B33"]
[NIC "SI.37"]
[Time "14:31:54"]
[PlyCount "49"]
[TimeControl "4500+10"]

1. e4 c5 2. Nf3 Nc6 3. d4 cxd4 4. Nxd4 Nf6 5. Nc3 e5 6. Ndb5 d6 7. Bg5 a6
8. Na3 b5 9. Nd5 Be7 10. Bxf6 Bxf6 11. c3 O-O 12. Nc2 Rb8 13. Nce3 Bg5 14.
Bd3 Ne7 15. O-O Nxd5 16. Nxd5 Be6 17. Bc2 Bxd5 18. Qxd5 Qc7 19. Rfd1 Rb6
20. Rd3 Kh8 21. Rf3 g6 22. Rd1 Kg7 23. g3 Qc4 24. Bb3 Qxd5 25. Rxd5 { Game
drawn by mutual agreement } 1/2-1/2